Map: Ice and Chrome LE

Players

Massa - Winner!

  • Race: Terran Terran
  • League: Platinum
  • Spawn Location: 1:00

RumosGrief

  • Race: Zerg Zerg
  • League: Silver
  • Spawn Location: 7:00

VOD

Have the link to the VOD?

Description

Time

  • Played on: Sept. 26, 2020, 7:23 a.m.
  • Length: 18:39
Show
View Real Time Build Order
Export as new Build Order

Massa Terran - Winner!

Build Orders: Reaper Expand 

Get SALT Encoding   

  12  0:00  SCV  
  13  0:12  SCV  
  14  0:18  Supply Depot  
  14  0:24  SCV  
  15  0:39  SCV  
  15  0:40  Barracks  
  16  0:48  Refinery  
  16  0:51  SCV  
  17  1:04  SCV  
  18  1:16  SCV  
  19  1:28  Orbital Command  
  19  1:31  Reaper  
  20  1:39  Command Center  
  20  1:52  Supply Depot  
  20  1:54  SCV  
  21  2:03  Marine  
  21  2:06  SCV  
  23  2:18  SCV  
  23  2:19  Factory  
  24  2:33  SCV  
  25  2:37  Barracks Reactor  
  25  2:45  SCV  
  26  2:58  SCV, Command Center  
  27  3:00  Orbital Command  
  27  3:10  SCV  
  28  3:19  Hellion x2  
  32  3:21  Barracks Tech Lab  
  32  3:24  SCV  
  33  3:28  SCV  
  34  3:36  SCV  
  34  3:40  SCV  
  34  3:41  Hellion x2  
  40  3:49  Marauder  
  42  4:01  Starport  
  42  4:02  Hellion x2  
  46  4:05  Refinery  
  46  4:06  Supply Depot  
  46  4:08  Supply Depot  
  46  4:10  Marauder  
  46  4:11  Engineering Bay  
  46  4:12  Orbital Command  
  46  4:14  SCV  
  46  4:15  SCV  
  50  4:20  Stimpack  
  50  4:23  Widow Mine  
  52  4:27  Widow Mine, SCV x2  
  56  4:39  SCV x2  
  56  4:42  SCV  
  56  4:45  Marauder  
  61  4:46  Starport Tech Lab  
  61  4:51  SCV x2  
  63  4:58  Barracks  
  63  4:59  Refinery  
  63  5:05  Factory Tech Lab  
  63  5:07  Marauder  
  63  5:25  SCV x2  
  63  5:27  Orbital Command  
  65  5:31  Banshee  
  65  5:35  Marauder  
  70  5:37  SCV x2  
  72  5:43  Refinery  
  72  5:51  SCV x2  
  72  5:55  Marine x2  
  76  6:00  Concussive Shells  
  76  6:03  SCV  
  77  6:11  Supply Depot  
  77  6:13  Supply Depot  
  77  6:15  Supply Depot  
  77  6:17  Supply Depot  
  77  6:20  Cloaking Field  
  77  6:23  SCV x2, Marine  
  77  6:24  SCV, Marauder, Marine  
  77  6:32  Banshee, Terran Infantry Weapons Level 1, Supply Depot  
  80  6:35  SCV  
  80  6:36  Engineering Bay  
  80  6:37  SCV  
  80  6:39  Armory  
  82  6:41  Siege Tank  
  85  6:51  Bunker  
  85  7:01  Marine x2  
  85  7:02  Marauder  
  88  7:18  Viking  
  88  7:19  Marine  
  88  7:20  Siege Tank  
  94  7:23  Marauder  
  96  7:36  Missile Turret  
  96  7:37  Missile Turret  
  96  7:38  Terran Infantry Armor Level 1  
  96  7:39  Orbital Command  
  96  7:44  Missile Turret x2  
  96  7:47  Missile Turret  
  96  7:59  Supply Depot x2  
  96  8:00  Supply Depot  
  96  8:02  Supply Depot  
  96  8:03  Supply Depot, Combat Shield  
  96  8:04  Supply Depot x2  
  96  8:07  Missile Turret  
  91  8:21  Marauder, Marine x2  
  91  8:24  Supply Depot  
  95  8:36  Raven  
  95  8:38  Marine x2  
  99  8:42  Marauder  
  99  8:46  Orbital Command  
  101  8:56  Marine  
  101  8:58  Missile Turret  
  101  9:02  Marine  
  103  9:03  Siege Tank  
  106  9:14  Marine  
  107  9:17  Missile Turret  
  107  9:19  Refinery, Viking  
  107  9:20  Marine  
  110  9:24  Barracks  
  110  9:32  Marine  
  110  9:36  Missile Turret  
  111  9:42  Siege Tank  
  111  9:44  Marauder, Marine  
  117  9:50  Marine, Command Center  
  118  9:53  Barracks  
  118  9:57  Missile Turret  
  118  10:02  Marine  
  118  10:05  Marauder  
  121  10:07  Marine  
  121  10:11  Barracks  
  122  10:14  Siege Tank  
  122  10:16  Refinery  
  122  10:17  Missile Turret  
  122  10:20  Marine  
  126  10:27  Marauder  
  125  10:39  Missile Turret  
  123  10:48  Marauder  
  123  10:51  Viking  
  123  10:53  Terran Infantry Armor Level 2, Terran Infantry Weapons Level 2  
  125  10:57  Starport  
  125  11:03  Terran Vehicle Weapons Level 1  
  125  11:07  Armory  
  125  11:09  SCV x3  
  126  11:21  Viking  
  126  11:24  Missile Turret  
  128  11:34  Missile Turret  
  128  11:43  Starport Reactor  
  128  11:47  Barracks Reactor  
  128  11:50  Orbital Command  
  128  11:51  Banshee  
  131  12:00  Barracks Reactor  
  131  12:03  Barracks Tech Lab  
  131  12:11  Sensor Tower  
  131  12:18  Sensor Tower  
  131  12:20  Viking x2  
  135  12:34  Banshee  
  136  12:50  Marauder, Marine, Viking x2  
  136  12:51  Marauder, Marine x5  
  150  13:08  Marine  
  150  13:09  Marine x5  
  150  13:11  Marauder  
  150  13:12  Marauder  
  160  13:26  Marine  
  160  13:27  Marine x5  
  158  13:33  Marauder  
  158  13:34  Banshee, Marauder, Medivac x2  
  137  13:44  Marine x6  
  126  13:54  Marauder  
  126  13:55  Marauder  
  130  13:56  Missile Turret  
  130  14:02  Marine x6  
  131  14:04  Medivac x2  
  140  14:16  Marauder, Missile Turret  
  140  14:17  Banshee, Marauder  
  144  14:18  SCV x3  
  144  14:19  Marine  
  144  14:20  Marine x3  
  154  14:26  Orbital Command  
  154  14:30  SCV x3  
  157  14:34  Medivac  
  157  14:35  Missile Turret x2  
  157  14:36  Missile Turret  
  157  14:37  Marauder, Missile Turret  
  157  14:38  Marauder  
  163  14:42  SCV  
  163  14:43  Terran Infantry Weapons Level 3, Terran Infantry Armor Level 3  
  164  14:48  Terran Vehicle Weapons Level 2  
  164  14:49  Terran Vehicle And Ship Armor Level 1  
  164  14:57  Missile Turret, Supply Depot  
  164  14:58  Missile Turret  
  164  14:59  Missile Turret, Supply Depot  
  164  15:00  Missile Turret  
  164  15:03  Supply Depot  
  164  15:05  Supply Depot x2  
  164  15:06  Sensor Tower  
  164  15:19  SCV x4, Marauder  
  170  15:22  Supply Depot  
  170  15:24  Medivac  
  170  15:25  Medivac, Supply Depot  
  176  15:28  Banshee  
  176  15:31  SCV, Supply Depot  
  178  15:53  Marauder x2, Marine  
  178  15:54  Marine x5, Medivac  
  178  15:56  Viking  
  192  16:11  Banshee, Marine  
  192  16:12  Marine x4  
  200  16:24  Viking  
  184  16:26  Marauder x2, Viking  
  184  16:27  Marine  
  184  16:29  Marine  
  184  16:30  Marine x4  
  196  16:39  Refinery  
  196  16:42  Command Center  
  196  16:45  Marine  
  197  16:47  Marauder, Marine  
  197  16:52  Refinery  
Show
View Real Time Build Order
Export as new Build Order

RumosGrief Zerg 

Build Orders: Hatch First 

Get SALT Encoding   

  12  0:27  Hatchery  
  11  0:45  Spawning Pool  
  10  0:50  Drone  
  10  0:55  Drone  
  12  1:00  Drone  
  13  1:07  Drone  
  14  1:15  Overlord  
  14  1:25  Extractor  
  13  1:26  Drone  
  14  1:35  Drone  
  14  1:39  Overlord  
  15  1:44  Queen  
  17  1:48  Drone  
  18  1:54  Drone  
  18  1:57  Drone  
  18  2:00  Extractor  
  19  2:04  Drone  
  19  2:08  Drone  
  21  2:14  Drone  
  22  2:17  Drone  
  23  2:27  Drone  
  23  2:29  Drone  
  24  2:45  Drone  
  24  2:49  Drone x2  
  26  2:52  Zergling x2  
  27  2:58  Drone x3  
  27  3:00  Lair  
  29  3:08  Drone x2  
  31  3:23  Roach Warren  
  30  3:28  Drone x2  
  32  3:55  Queen  
  34  3:56  Drone x2  
  34  3:59  Overlord x2  
  36  4:04  Overlord x3  
  36  4:06  Glial Reconstitution  
  36  4:14  Extractor  
  35  4:21  Drone x3  
  35  4:22  Drone  
  39  4:34  Pneumatized Carapace  
  39  4:41  Evolution Chamber  
  39  4:44  Drone x3  
  41  4:52  Drone x3  
  44  5:03  Roach x3  
  31  5:25  Roach x2  
  31  5:26  Drone  
  31  5:27  Drone x2  
  38  5:28  Roach  
  38  5:29  Roach x2  
  44  5:40  Spire  
  43  5:43  Zerg Missile Weapons Level 1  
  43  5:45  Burrow  
  43  5:48  Roach x2  
  49  5:50  Roach  
  49  5:54  Roach  
  52  6:04  Zergling x6  
  52  6:06  Zergling x2  
  55  6:33  Drone x2  
  55  6:39  Drone x3  
  58  7:03  Roach x10  
  56  7:11  Tunneling Claws  
  56  7:13  Mutalisk x4  
  56  7:14  Mutalisk x2  
  68  7:16  Drone x5  
  68  7:22  Extractor  
  72  7:35  Roach x10  
  72  7:36  Drone x2  
  72  7:37  Drone x2  
  76  7:47  Overlord x2  
  76  7:48  Overlord  
  76  7:49  Overlord  
  76  7:51  Roach x10  
  74  8:22  Mutalisk x2  
  74  8:23  Mutalisk  
  74  8:25  Mutalisk x2  
  84  8:27  Mutalisk  
  86  8:40  Roach x8  
  84  8:41  Mutalisk  
  84  8:47  Zergling x6  
  89  9:09  Mutalisk x3  
  91  9:16  Metabolic Boost  
  95  9:22  Drone  
  96  9:33  Hatchery  
  95  9:43  Drone  
  95  9:44  Drone  
  97  9:49  Hydralisk Den  
  97  9:50  Hatchery  
  95  9:53  Zerg Ground Armor Level 1  
  95  9:57  Evolution Chamber  
  94  10:00  Drone  
  95  10:10  Extractor, Infestation Pit  
  91  10:35  Roach x8  
  91  11:01  Grooved Spines  
  91  11:03  Hydralisk x8  
  105  11:06  Hydralisk x2  
  105  11:09  Overlord  
  105  11:10  Overlord x7  
  105  11:27  Drone x3  
  105  11:30  Drone x3  
  111  11:33  Drone x3  
  111  11:39  Queen  
  116  11:46  Queen  
  118  11:47  Extractor  
  117  12:12  Roach  
  117  12:13  Muscular Augments, Roach x3  
  117  12:14  Roach x2  
  117  12:15  Roach x2  
  117  12:28  Drone  
  117  12:29  Drone x2  
  120  12:36  Zerg Ground Armor Level 2, Zerg Missile Weapons Level 2  
  120  12:39  Hydralisk x7  
  120  12:40  Hydralisk  
  120  12:51  Hydralisk x2  
  120  12:52  Hydralisk  
  120  12:55  Zergling x2  
  127  13:06  Mutalisk x2  
  127  13:08  Mutalisk  
  136  13:24  Mutalisk x4  
  113  13:48  Drone x3  
  113  13:49  Drone x3  
  118  14:03  Hatchery  
  118  14:04  Queen  
  112  14:19  Mutalisk x3  
  112  14:20  Zergling x2  
  119  14:29  Drone x3  
  122  14:50  Hydralisk Den  
  121  14:57  Drone x5  
  121  14:59  Extractor  
  125  15:07  Roach x4  
  125  15:08  Roach  
  135  15:21  Drone  
  136  15:25  Drone x4  
  135  15:43  Hatchery, Overseer x3  
  127  16:10  Drone x3  
  130  16:14  Queen  
  130  16:52  Hydralisk x5  
  130  16:53  Hatchery  
  139  17:00  Ravager x5  
  144  17:12  Lurker Den  
  143  17:18  Drone x2  
  143  17:19  Drone  
  131  18:00  Overseer x6  
Tags
 
Add a new tag
Caveats
  • Supply blocks, unpowered buildings, or Contaminate may cause inaccurate times.
  • Supply counts are checked every 10 seconds.